 Dungeon Crawl Stone Soup version 0.29.1-14-g9c671dbff4 (webtiles) character file.

Game seed: 3637292707145789066

12489 tizbic2 the Fighter (level 11, -15/112 (117) HPs)
             Began as an Ogre Gladiator on Feb 15, 2023.
             Was a Believer of Ru.
             Demolished by a soul eater (18 damage)
             ... on level 11 of the Dungeon.
             The game lasted 01:05:07 (16353 turns).

tizbic2 the Fighter (Ogre Gladiator)               Turns: 16353, Time: 01:05:08

HP:   -15/112 (117) AC:  9    Str: 34    XL:     11   Next: 94%
MP:   20/20         EV:  9    Int:  8    God:    Ru [**....]
Gold: 803           SH:  0    Dex:  9    Spells: 16/23 levels left

rFire   + . .      SeeInvis .   a - +0 giant spiked club
rCold   . . .      Faith    .   (shield currently unavailable)
rNeg    . . .      Spirit   .   I - +0 troll leather armour
rPois   +          Reflect  .   O - +2 hat
rElec   .          Harm     .   t - +1 cloak
rCorr   .          Rampage  .   (gloves unavailable)
Will    ++...                   (boots unavailable)
Stlth   ..........              (no amulet)
HPRegen 1.08/turn               v - ring of willpower
MPRegen 0.17/turn               z - +6 ring of strength

@: confused, ambrosia-drunk, on berserk cooldown, slowed, lightly drained, very
slow
A: large, unfitting armour, tough skin 1, no stealth, unskilled 1, iridescent
scales 1, deformed body, fire resistance 1, poison resistance, strong 1, no
potion heal 1
a: Renounce Religion


You were on level 11 of the Dungeon.
You worshipped Ru.
Ru was pleased with you.
You visited 2 branches of the dungeon, and saw 12 of its levels.
You also visited: Bailey.

You collected 900 gold pieces.
You spent 97 gold pieces at shops.

Inventory:

Hand Weapons
 a - a +0 giant spiked club (weapon)
 q - a +6 spear of venom
 s - a +2 war axe
 w - a +0 sling
 E - a +3 vorpal glaive
Missiles
 d - 4 throwing nets
 e - 4 large rocks
 n - 111 stones (quivered)
 u - 7 curare-tipped darts
 A - 21 poisoned darts
 N - 5 boomerangs
Armour
 t - a +1 cloak (worn)
 H - +0 acid dragon scales
 I - a +0 troll leather armour (worn)
 K - a +2 robe of the Archmagi
 O - a +2 hat (worn)
Jewellery
 b - a ring of fire
 g - a +6 ring of dexterity
 m - a ring of protection from cold
 v - a ring of willpower (left hand)
 x - a +6 ring of intelligence
 z - a +6 ring of strength (right hand)
Wands
 j - a wand of polymorph (4)
 l - a wand of roots (6)
 y - a wand of charming (35)
 D - a wand of flame (7)
 J - a wand of digging (5)
Scrolls
 c - 2 scrolls of magic mapping
 f - 4 scrolls of vulnerability
 k - 5 scrolls of teleportation
 p - a scroll of summoning
 C - a scroll of fog
 G - a scroll of noise
Potions
 i - a potion of cancellation
 o - 2 potions of magic
 B - a potion of curing
 F - 3 potions of brilliance
 L - a potion of invisibility {unknown}


   Skills:
 + Level 10.1 Fighting
 * Level 9.9 Maces & Flails
 - Level 2.4 Polearms
 - Level 1.7 Throwing
 - Level 2.4 Dodging
 + Level 6.5 Spellcasting
 + Level 6.6 Summonings
 + Level 5.4 Air Magic


You had 16 spell levels left.
You knew the following spells:

 Your Spells              Type           Power      Damage    Failure   Level
a - Call Imp              Summ           13%        N/A       2%          2
b - Summon Lightning Spi  Summ/Air       12%        N/A       22%         4
c - Shock                 Conj/Air       24%        1d4       9%          1

Your spell library contained the following spells:

 Spells                   Type           Power      Damage    Failure   Level
 Summon Small Mammal      Summ           52%        N/A       1%          1
 Static Discharge         Conj/Air       6%         3-4/arc   12%         2
 Foxfire                  Conj/Fire      8%         2x1d4     26%         1
 Magic Dart               Conj           8%         1d3       26%         1
 Slow                     Hex            8%         N/A       26%         1
 Airstrike                Air            5%         2d(1-17)  26%         4
 Mephitic Cloud           Conj/Pois/Air  5%         N/A       34%         3
 Blink                    Tloc           4%         N/A       36%         2
 Lesser Beckoning         Tloc           2%         N/A       58%         3
 Tukima's Dance           Hex            2%         N/A       58%         3
 Lightning Bolt           Conj/Air       3%         1d14      92%         5
 Dispel Undead            Necr           2%         3d7       94%         4
 Hailstorm                Conj/Ice       2%         3d3       94%         4
 Passage of Golubria      Tloc           2%         N/A       94%         4
 Sticky Flame             Conj/Fire      2%         2d3       94%         4
 Manifold Assault         Tloc           2%         N/A       100%        5
 Yara's Violent Unravell  Hex/Tmut       1%         3d3       100%        5
 Spellforged Servitor     Conj/Summ      3%         N/A       100%        7


Dungeon Overview and Level Annotations

Branches:
Dungeon (11/15)            Temple (1/1) D:4            Lair (0/5) D:10
    Orc (0/2) D:9          Bailey (visited)

Altars:
Ashenzari
Cheibriados
Dithmenos
Elyvilon
Fedhas
Gozag
Hepliaklqana
Kikubaaqudgha
Makhleb
Nemelex Xobeh
Okawaru
Qazlal
Ru
Sif Muna
Trog
Uskayaw
Vehumet
Wu Jian
Xom
Yredelemnul
Zin
The Shining One

Shops:
D:1 :   D:3 *   D:4 *

Annotations:
D:3 Grinder
D:7 1 runed translucent door, Crazy Yiuf
D:10 Nergalle
D:11 Lodul


Innate Abilities, Weirdness & Mutations

You are too large for most types of armour.
You have tough skin. (AC +1)
You cannot be stealthy.
You are somewhat unskilled. (-1 Apt)
You are partially covered in iridescent scales. (AC +2)
Armour fits poorly on your strangely shaped body.
Your flesh is heat resistant. (rF+)
Your system is resistant to poisons. (rPois)
Your muscles are strong. (Str +4, Int/Dex -1)
Potions are less effective at restoring your health.


Message History

The soul eater stops glowing.
Something hits you but does no damage. The soul eater hits you!
* * * LOW HITPOINT WARNING * * *
You feel drained. Something hits you but does no damage.
The soul eater draws from the surrounding life force!
* * * LOW HITPOINT WARNING * * *
The soul eater is healed.
You are confused.
Your system partially rejects the healing.
You feel invigorated. Something hits you but does no damage.
You redirect the soul eater's attack!
The soul eater hits you.
* * * LOW HITPOINT WARNING * * *
You feel drained.
* * * LOW HITPOINT WARNING * * *
You closely miss the soul eater.
The soul eater is severely wounded.
Something hits you.
* * * LOW HITPOINT WARNING * * *
The soul eater hits you.
* * * LOW HITPOINT WARNING * * *
Something hits you.
* * * LOW HITPOINT WARNING * * *
The soul eater draws from the surrounding life force!
* * * LOW HITPOINT WARNING * * *
The soul eater is healed.
You barely miss the soul eater.
The soul eater is moderately wounded.
Something hits you but does no damage. The soul eater misses you.
You hear some strange, mumbled words.
Something tries to affect you, but you resist.
The soul eater hits you but does no damage.
Unknown command.
You bump into the rock wall.
You hear some strange, mumbled words.
A magic dart appears from out of thin air!
The magic dart hits you!
* * * LOW HITPOINT WARNING * * *
The soul eater draws from the surrounding life force!
You die...

............ ..
.......⌠... ......PP
.........##+#.......
...................# .
...................#####..
...........###+#..........
...........#...#.)........
...........#...#3{........
...........#...'@.........
...........#####).........
...................)......
#.........................
#......#################..
#......# . ...... ....


You could see a soul eater.

Vanquished Creatures
  Gastronok (D:9)
  2 two-headed ogres
  A catoblepas (D:9)
  A soul eater (D:11)
  Joseph (D:7)
  An orange demon (D:11)
  Maggie (D:7)
  Psyche (D:8)
  2 trolls
  A queen bee (D:6)
  A hornet (D:10)
  A vampire (D:8)
  2 wyverns
  17 yaks
  Eustachio (D:6)
  A steam dragon (D:7)
  A neqoxec (D:11)
  2 acid dragons (D:9)
  2 water moccasins (D:7)
  4 sky beasts
  2 orc warriors
  4 ogres
  2 ice beasts (D:5)
  4 kobold brigands
  A nameless horror (D:9)
  2 scorpions
  4 bullfrogs
  2 necrophages
  10 wights
  7 killer bees
  6 hounds
  2 jellies
  2 orc priests
  An iguana (D:6)
  7 orc wizards
  7 gnolls
  7 adders
  A white imp (D:7)
  7 worms
  A dart slug (D:4)
  13 orcs
  5 endoplasms
  3 giant cockroaches
  8 goblins
  5 hobgoblins
  14 kobolds
  6 quokkas
  8 ball pythons
  9 bats
  2 frilled lizards
  6 rats
202 creatures vanquished.

Vanquished Creatures (collateral kills)
  A kobold brigand (D:4)
  An orc (D:9)
  A hobgoblin (D:4)
  8 kobolds
11 creatures vanquished.

Vanquished Creatures (others)
  An orc (D:7)
1 creature vanquished.

Grand Total: 214 creatures vanquished

Notes
Turn   | Place    | Note
-------+----------+-------------------------------------------
     0 | D:1      | tizbic2 the Ogre Gladiator began the quest for the Orb.
     0 | D:1      | Reached XP level 1. HP: 22/22 MP: 1/1
    53 | D:1      | Found Alefeokke's Book Boutique.
   266 | D:1      | Reached skill level 3 in Fighting
   268 | D:1      | Reached XP level 2. HP: 31/31 MP: 2/2
   509 | D:1      | Found a faded altar of an unknown god.
   866 | D:2      | HP: 2/46 [poisoned by an adder]
   871 | D:2      | Reached XP level 3. HP: 2/37 MP: 3/3
  1879 | D:2      | Reached XP level 4. HP: 34/48 MP: 4/4
  2655 | D:3      | Reached skill level 1 in Summonings
  2758 | D:3      | Reached skill level 4 in Fighting
  2796 | D:3      | Noticed Grinder
  2818 | D:3      | Paralysed by Grinder for 3 turns
  2823 | D:3      | Paralysed by Grinder for 3 turns
  2833 | D:3      | Paralysed by Grinder for 3 turns
  2837 | D:3      | HP: 1/48 [Grinder/nerve-wracking pain (9)]
  3282 | D:3      | Found Gini Kad's General Store.
  3287 | D:3      | Bought a scroll of enchant weapon for 75 gold pieces
  3317 | D:3      | Reached skill level 1 in Polearms
  3317 | D:3      | Reached XP level 5. HP: 54/54 MP: 5/5
  3978 | D:4      | Found Ebrangirgh's General Store.
  3995 | D:4      | Bought a scroll of identify for 22 gold pieces
  4201 | D:4      | Noticed an ogre
  4206 | D:4      | Killed an ogre
  4207 | D:4      | Reached XP level 6. HP: 25/65 MP: 6/6
  4440 | D:4      | Noticed an orc warrior
  4441 | D:4      | Found a bloodstained altar of Trog.
  4456 | D:4      | Killed an orc warrior
  4457 | D:4      | Reached skill level 5 in Fighting
  4661 | D:4      | Found a shimmering blue altar of Sif Muna.
  4665 | D:4      | Got Sif Muna's Incunable of Creative Curses
  4673 | D:4      | Learned a level 2 spell: Call Imp
  4735 | D:4      | Reached XP level 7. HP: 72/72 MP: 5/7
  4818 | D:4      | Found a staircase to the Ecumenical Temple.
  4834 | Temple   | Entered the Ecumenical Temple
  4925 | Temple   | Became a worshipper of Ru the Awakened
  5413 | D:4      | Reached skill level 5 in Maces & Flails
  5599 | D:5      | Entered Level 5 of the Dungeon
  5719 | D:5      | Reached skill level 6 in Fighting
  5776 | D:5      | Reached XP level 8. HP: 83/83 MP: 8/8
  6035 | D:5      | Gained mutation: You cannot be stealthy. [Ru sacrifice]
  6250 | D:6      | Noticed a hornet
  6641 | D:6      | Reached skill level 1 in Air Magic
  6657 | D:6      | Noticed Eustachio
  6682 | D:6      | Killed Eustachio
  6683 | D:6      | Reached skill level 7 in Fighting
  6683 | D:6      | Reached skill level 1 in Spellcasting
  7259 | D:6      | Reached XP level 9. HP: 87/93 MP: 10/12
  7338 | D:6      | Noticed a queen bee
  7338 | D:6      | a hornet changed into a queen bee
  7396 | D:6      | Killed a queen bee
  8070 | D:7      | Learned a level 4 spell: Summon Lightning Spire
  8163 | D:7      | Reached skill level 8 in Fighting
  8232 | D:7      | Found a runed translucent door.
  8233 | D:7      | Noticed Crazy Yiuf
  8253 | D:7      | Found a flagged portal.
  8359 | D:7      | Reached skill level 5 in Summonings
  8391 | D:7      | Found a snail-covered altar of Cheibriados.
  8563 | Bailey   | Entered a bailey
  9173 | D:7      | Noticed Joseph
  9191 | D:7      | Killed Joseph
  9192 | D:7      | Reached XP level 10. HP: 37/106 MP: 14/16
  9457 | D:7      | Noticed Maggie
  9467 | D:7      | Killed Maggie
 10571 | D:8      | Noticed Psyche
 10580 | D:8      | Killed Psyche
 10581 | D:8      | Reached skill level 9 in Fighting
 11103 | D:8      | Gained mutation: Your system is resistant to poisons.
                  | (rPois) [potion of mutation]
 11103 | D:8      | Gained mutation: Your muscles are strong. (Str +4, Int/Dex
                  | -1) [potion of mutation]
 11103 | D:8      | Gained mutation: Your flesh is heat resistant. (rF+)
                  | [potion of mutation]
 11103 | D:8      | Gained mutation: You are partially covered in iridescent
                  | scales. (AC +2) [potion of mutation]
 11641 | D:8      | Reached skill level 5 in Spellcasting
 12226 | D:8      | Gained mutation: You are somewhat unskilled. (-1 Apt) [Ru
                  | sacrifice]
 12226 | D:8      | Reduced skill Fighting to level 8
 12226 | D:8      | Reduced skill Throwing to level 1
 12226 | D:8      | Reduced skill Summonings to level 5
 12226 | D:8      | Reached * piety under Ru
 12226 | D:8      | Reached ** piety under Ru
 12464 | D:9      | Got Zalulof's Folio of Combat Magic
 12468 | D:9      | Learned a level 1 spell: Shock
 12476 | D:9      | Noticed a two-headed ogre
 12485 | D:9      | Killed a two-headed ogre
 12486 | D:9      | Reached skill level 5 in Spellcasting
 12814 | D:9      | Reached skill level 9 in Fighting
 12876 | D:9      | Found a staircase to the Orcish Mines.
 12902 | D:9      | Found a shadowy altar of Dithmenos.
 12929 | D:9      | Noticed Gastronok
 12929 | D:9      | Noticed a two-headed ogre
 12934 | D:9      | HP: 3/107 [two-headed ogre/+0 giant club (23)]
 13483 | D:9      | Reached XP level 11. HP: 108/115 MP: 18/18
 13892 | D:9      | Noticed a catoblepas
 13916 | D:9      | Killed a catoblepas
 13922 | D:10     | Entered Level 10 of the Dungeon
 14192 | D:10     | Noticed a two-headed ogre
 14205 | D:10     | Killed a two-headed ogre
 15357 | D:10     | Reached skill level 5 in Air Magic
 15361 | D:10     | HP: 5/117 [yak (8)]
 15468 | D:10     | Noticed Nergalle
 15626 | D:9      | Killed Gastronok
 15779 | D:10     | Found a staircase to the Lair.
 16102 | D:11     | Noticed Lodul
 16191 | D:11     | Noticed a soul eater
 16207 | D:11     | Killed a soul eater
 16208 | D:11     | Reached skill level 10 in Fighting
 16325 | D:11     | Noticed a soul eater
 16333 | D:11     | Gained mutation: Armour fits poorly on your strangely
                  | shaped body. [a neqoxec]
 16340 | D:11     | Gained mutation: Potions are less effective at restoring
                  | your health. [a neqoxec]
 16351 | D:11     | HP: 1/112 [soul eater (15)]
 16353 | D:11     | Demolished by a soul eater

Illustrated notes

Levels and vault maps discovered:
D:1:      heliophobic_arrival_henge, layout_loops_ring, serial_shops,
          shop_coins, shapermc_ecumenical_altar_mp_ritualfount,
          minmay_heptomino_o4
D:2:      layout_loops_corners
D:3:      minmay_chambers_of_twos, layout_basic, serial_shops, shop,
          kennysheep_generic_room_14, uniq_grinder
D:4:      cheibrodos_thug_alley, layout_loops_ring,
          nzn_overflow_gifts_of_might_and_magic,
          minmay_temple_entry_statues_fountains, gup_sewer_entry_spiral,
          serial_shops, nicolae_shop_temple_entry_statues_fountains,
          minmay_between
D:5:      layout_cave_pools, st_stairs_2
D:6:      layout_basic, grunt_ministairs_4, uniq_eustachio, uniq_duvessa
D:7:      layout_loops_cross, mainiacjoe_overflow_tiny_flanked, serial_glass,
          glass_columns_b, glass_columns_a, enter_bailey_8, uniq_joseph,
          uniq_maggie, uniq_crazy_yiuf_cottage
D:8:      layout_basic, uniq_psyche
D:9:      layout_roguey, mainiacjoe_overflow_chevrons, kennysheep_nondescript,
          corexii_corridor_pit, lightli_fourway_metalbox, uniq_gastronok
D:10:     layout_long_grid, lair_entry_dummy, uniq_nergalle
D:11:     layout_irregular_city, serial_demonic, serial_demonic_f,
          serial_demonic_d, serial_demonic_e, serial_demonic_e, uniq_lodul,
          uniq_snorg
Temple:   compressed_dpeg_circular_temple

Skill      XL: |  1  2  3  4  5  6  7  8  9 10 11 |
---------------+----------------------------------+-----
Fighting       | 3 4 5 6 7 8 9 10 | 10.1
Maces & Flails | 3 4 5 6 8 8 9 |  9.9
Summonings     | 1 2 3 4 5 5 6 |  6.6
Polearms       | 1 2 |  2.4
Air Magic      | 1 3 4 5 |  5.4
Spellcasting   | 2 4 5 6 |  6.5
Throwing       | 1 |  1.7
Dodging        | |  2.4

Action                   |  1- 3 |  4- 6 |  7- 9 | 10-12 || total
-------------------------+-------+-------+-------+-------++-------
Melee: Flail             |    27 |       |       |       ||    27
       Spear             |    41 |   108 |   147 |   103 ||   399
       Punch             |     1 |       |     1 |     2 ||     4
       Giant club        |       |       |    72 |       ||    72
       Giant spiked club |       |       |    33 |   167 ||   200
       War axe           |       |       |       |    34 ||    34
       Glaive            |       |       |       |     3 ||     3
 Fire: Sling             |    21 |    35 |    34 |    20 ||   110
Throw: Stone             |     5 |       |       |       ||     5
 Cast: Call Imp          |       |     2 |     6 |    11 ||    19
       Shock             |       |       |       |     8 ||     8
Invok: Sacrifice Stealth |       |       |     1 |       ||     1
       Sacrifice Skill   |       |       |       |     1 ||     1
Evoke: Wand              |       |       |     5 |     1 ||     6
  Use: Scroll            |     3 |    15 |     4 |    11 ||    33
       Potion            |     3 |     1 |     8 |     7 ||    19
 Stab: Distracted        |       |       |       |     1 ||     1
Armor: Robe              |    40 |    49 |    84 |    73 ||   246
       Skin              |     5 |       |       |       ||     5
       Troll leather arm |       |       |       |    74 ||    74
       Acid dragon scale |       |       |       |    16 ||    16
Dodge: Dodged            |    58 |    55 |   139 |   181 ||   433
